 Dungeon Crawl Stone Soup version 0.30.0-29-ga12c61a403 (webtiles) character file.

Game seed: 8441575510421312282

6894 cdecastro the Grappler (level 10, -9/110 HPs)
             Began as a Troll Fighter on June 12, 2023.
             Was a Priest of Dithmenos.
             Mangled by a tentacled starspawn (33 damage)
             ... on level 2 of the Abyss.
             The game lasted 00:15:43 (7756 turns).

cdecastro the Grappler (Troll Fighter)              Turns: 7756, Time: 00:15:43

Health: -9/110     AC: 11    Str: 28    XL:     10   Next: 79%
Magic:  9/9        EV:  9    Int: 11    God:    Dithmenos [***...]
Gold:   135        SH:  9    Dex: 11    Spells: 9/9 levels left

rFire   . .          .
                       - Unarmed
rCold   . . .        b - +0 kite shield
rNeg    . . .        n - +7 toga "Victory" {*Victory Int+7 Slay+7 Clar}
rPois   .            (helmet restricted)
rElec   .            (no cloak)
rCorr   .            (gloves unavailable)
SInv    .            (boots unavailable)
Will    .....        (no amulet)
Stlth   +            (no ring)
HPRegen 1.18/turn    (no ring)
MPRegen 0.11/turn

%: clarity
@: wreathed by umbra
A: large, unfitting armour, claws 3, regeneration 1, shaggy fur 1, tough skin 1
a: Renounce Religion, Shadow Step


You were on level 2 of the Abyss.
You worshipped Dithmenos.
Dithmenos was most pleased with you.
You visited 2 branches of the dungeon, and saw 10 of its levels.
You visited the Abyss 1 time.
You also visited: Ossuary.

You collected 480 gold pieces.
You spent 345 gold pieces at shops.

Inventory:

Missiles
 a - 4 silver javelins
 d - 16 poisoned darts (quivered)
 p - 10 boomerangs
Armour
 b - a +0 kite shield (worn)
 n - the +7 toga "Victory" (worn) {*Victory Int+7 Slay+7 Clar}
   (You found it on level 3 of the Dungeon)

   *Victory:  When the wearer kills a threatening monster, it has a chance to
   gain +1 AC, +1 Slay, and +1 Int, capping at +7.
   When the wearer uses a scroll or a potion with a hostile monster in sight,
   its bonuses reset to +0.
   Unequipping it also resets its bonuses to +0.
   Int:       It affects your intelligence (+7).
   Slay:      It affects your accuracy & damage with ranged weapons and melee
   (+7).
   Clar:      It protects you from confusion, rage, mesmerisation and fear.
Jewellery
 e - a +6 ring of strength
 s - an amulet of faith
 t - a ring of ice
 G - a ring of poison resistance
Wands
 A - a wand of iceblast (13)
Scrolls
 f - 2 scrolls of fog {unknown}
 g - 12 scrolls of identify
 h - a scroll of blinking {unknown}
 i - a scroll of fear {unknown}
 j - 3 scrolls of poison {unknown}
 l - 4 scrolls of amnesia {unknown}
 u - 4 scrolls of enchant armour
 v - a scroll of torment {unknown}
 w - a scroll of acquirement {unknown}
 x - a scroll of vulnerability {unknown}
 y - a scroll of silence {unknown}
 F - 4 scrolls of immolation
 H - 3 scrolls of teleportation
 I - 2 scrolls of magic mapping
Potions
 c - 3 potions of might
 k - a potion of lignification {unknown}
 m - 2 potions of haste {unknown}
 o - 2 potions of flight {unknown}
 q - 3 potions of attraction {unknown}
 r - 4 potions of heal wounds {unknown}
 z - 3 potions of curing {unknown}
 B - 5 potions of brilliance {unknown}
 C - 2 potions of magic {unknown}
 D - 2 potions of resistance {unknown}
 E - a potion of invisibility {unknown}


   Skills:
 - Level 10.0 Fighting
 + Level 3.0 Dodging
 - Level 7.0 Shields
 - Level 10.0 Unarmed Combat


You had 9 spell levels left.
You didn't know any spells.
Your spell library contained the following spells:

 Spells                   Type           Power      Damage    Failure   Level
 Blink                    Tloc           0%         N/A       67%         2
 Lesser Beckoning         Tloc           0%         N/A       67%         2
 Momentum Strike          Conj/Tloc      0%         3d8       67%         2
 Sublimation of Blood     Necr           0%         N/A       67%         2
 Wereblood                Tmut           0%         N/A       67%         2
 Call Canine Familiar     Summ           0%         N/A       88%         3
 Portal Projectile        Hex/Tloc       0%         N/A       88%         3
 Summon Guardian Golem    Hex/Summ       0%         N/A       88%         3
 Tukima's Dance           Hex            0%         N/A       88%         3
 Leda's Liquefaction      Hex/Erth       0%         N/A       99%         4
 Passage of Golubria      Tloc           0%         N/A       99%         4
 Yara's Violent Unravell  Hex/Tmut       0%         3d3       100%        5
 Orb of Destruction       Conj           0%         9d5       100%        7
 Spellforged Servitor     Conj/Summ      0%         N/A       100%        7
 Summon Hydra             Summ           0%         N/A       100%        7


Dungeon Overview and Level Annotations

Branches:
Dungeon (9/15)             Temple (1/1) D:6            Lair (0/5) D:9
Ossuary (visited)
    Orc: D:9-12

Altars:
Ashenzari
Cheibriados
Dithmenos
Elyvilon
Gozag
Hepliaklqana
Kikubaaqudgha
Makhleb
Nemelex Xobeh
Okawaru
Qazlal
Ru
Sif Muna
Trog
Uskayaw
Vehumet
Wu Jian
Xom
Yredelemnul
Zin
The Shining One

Shops:
D:9 ?

Annotations:
D:4 1 runed translucent door, Fodor's ghost, amateur MiFi
D:5 3 runed translucent doors, lotum's ghost, novice DjAE
D:8 2 transporters, Wkid's ghost, novice FeDe
D:9 Psyche


Innate Abilities, Weirdness & Mutations

You are too large for most types of armour.
You have claws for hands.
Your natural rate of healing is unusually fast.
You are covered in fur. (AC +1)
You have tough skin. (AC +1)


Message History

You barely miss the chaos spawn.
The chaos spawn is severely wounded.
You block the chaos spawn's attack.
You barely miss the chaos spawn.
The chaos spawn is severely wounded.
The chaos spawn barely misses you.
You completely miss the chaos spawn.
The chaos spawn is severely wounded.
The chaos spawn gores you.
You are engulfed in flames!
You mangle the chaos spawn!!
You kill the chaos spawn!
Dithmenos accepts your kill.
The chaos spawn degenerates into a cloud of primal chaos!
Your Dodging skill increases to level 3!
Okay, then.
Unknown command.
You claw the tentacled starspawn!
The tentacled starspawn is lightly damaged.
The tentacled starspawn is engulfed in seething chaos.
You block the tentacled starspawn's attack.
The tentacled starspawn tentacle-slaps you!
* * * LOW HITPOINT WARNING * * *
Unknown command.
You barely miss the tentacled starspawn.
The tentacled starspawn is lightly damaged.
The tentacled starspawn is engulfed in seething chaos.
The tentacled starspawn bites you!!
* * * LOW HITPOINT WARNING * * *
The tentacled starspawn barely misses you.
Unknown command.
You eviscerate the tentacled starspawn!!!
The tentacled starspawn is heavily damaged.
The tentacled starspawn is engulfed in seething chaos.
A tentacle flies out from the starspawn's body!
A starspawn tentacle comes into view.
Unknown command.
You mangle the tentacled starspawn!!
The tentacled starspawn is almost destroyed.
The tentacled starspawn bites you!!
You die...

. #.... ..#.. #..
.. # ## # ..#..
.#.#.#####...##..
..#...wX...... .
. ##..@#.....#.
##...#4 .w#...
...#∩.#... ...
#...#.##. .# .. .
#.#.... ##. . .#
......# .. # ....
. #.# ### # ##. #
.


You could see a tentacled starspawn and a starspawn tentacle.

Vanquished Creatures
  A thrashing horror (Abyss:2)
  An ugly thing (D:9)
  A tengu conjurer (D:9)
  2 hornets
  Sigmund (D:2)
  2 wraiths (D:9)
  A yak (D:9)
  A wyvern (D:9)
  A chaos spawn (Abyss:2)
  An acid dragon (D:9)
  3 water moccasins (D:9)
  2 sky beasts
  5 orc warriors
  4 ice beasts
  2 black bears
  4 centaurs
  A kobold brigand (D:9)
  5 scorpions
  8 bullfrogs
  2 wights (D:9)
  3 killer bees (D:9)
  6 howler monkeys
  4 jellies
  A human zombie (Ossuary)
  2 centaur zombies (Ossuary)
  5 hounds
  7 orc priests
  A sleepcap (D:5)
  8 orc wizards
  An iguana (D:5)
  4 mummies (Ossuary)
  A gnoll (D:5)
  6 adders
  A shadow imp (D:5)
  An ufetubus (D:5)
  A worm (D:3)
  3 dart slugs
  23 orcs
  11 endoplasms
  4 giant cockroaches
  A gnoll zombie (Ossuary)
  11 goblins
  6 hobgoblins
  20 kobolds
  6 quokkas
  4 ball pythons (D:2)
  2 bats
  5 frilled lizards
  A hobgoblin zombie (Ossuary)
  3 kobold zombies (Ossuary)
  3 rats
203 creatures vanquished.

Vanquished Creatures (others)
  A kobold (D:9)
  4 starspawn tentacles (Abyss:2)
5 creatures vanquished.

Grand Total: 208 creatures vanquished

Notes
Turn   | Place    | Note
-------+----------+-------------------------------------------
     0 | D:1      | cdecastro the Troll Fighter began the quest for the Orb.
     0 | D:1      | Reached XP level 1. HP: 22/22 MP: 0/0
   280 | D:1      | Reached XP level 2. HP: 29/29 MP: 1/1
   727 | D:2      | Reached XP level 3. HP: 34/36 MP: 2/2
   774 | D:2      | Reached XP level 4. HP: 35/44 MP: 3/3
   959 | D:2      | Reached skill level 5 in Unarmed Combat
  1028 | D:2      | Found a hide-covered altar of Uskayaw.
  1164 | D:2      | Noticed Sigmund
  1178 | D:2      | Killed Sigmund
  1179 | D:2      | Reached XP level 5. HP: 47/50 MP: 4/4
  1179 | D:2      | Reached XP level 6. HP: 56/59 MP: 5/5
  1573 | D:2      | Identified the +0 leather armour of Bequeathed Freedom {rN+
                  | Dex+3}
  1917 | D:3      | Found the +0 toga "Victory" {*Victory Clar}
  1918 | D:3      | Found a faded altar of an unknown god.
  1928 | D:3      | You fall into a shaft and drop 1 floor!
  2761 | D:4      | Found an ancient bone altar of Kikubaaqudgha.
  2767 | D:4      | Found a basalt altar of Yredelemnul.
  2771 | D:4      | Found a shadowy altar of Dithmenos.
  3250 | D:4      | Found a runed translucent door.
  3250 | D:4      | Noticed Fodor's ghost (amateur MiFi)
  3531 | D:4      | Became a worshipper of Dithmenos the Shadowed
  3585 | D:5      | Entered Level 5 of the Dungeon
  3609 | D:5      | Reached XP level 7. HP: 66/66 MP: 6/6
  3783 | D:5      | Found a runed translucent gate.
  3783 | D:5      | Found a runed translucent gate.
  3783 | D:5      | Found a runed translucent gate.
  3804 | D:5      | Noticed lotum's ghost (novice DjAE)
  3978 | D:5      | Reached XP level 8. HP: 50/74 MP: 7/7
  4185 | D:6      | Reached * piety under Dithmenos
  4196 | D:6      | Found a staircase to the Ecumenical Temple.
  4319 | D:6      | Reached skill level 10 in Unarmed Combat
  4863 | Temple   | Entered the Ecumenical Temple
  5104 | D:7      | Found a sand-covered staircase.
  5214 | Ossuary  | Entered an ossuary
  5293 | Ossuary  | Reached skill level 5 in Shields
  5998 | D:7      | Reached XP level 9. HP: 80/80 MP: 8/8
  6798 | D:8      | Found a transporter.
  6799 | D:8      | Noticed Wkid's ghost (novice FeDe)
  6802 | D:8      | Identified the +2 dire flail of Egamykim {holy, rPois Str+3
                  | Int-3 SInv}
  6802 | D:8      | Noticed a two-headed ogre
  6813 | D:8      | Found a transporter.
  6892 | D:8      | Reached skill level 5 in Fighting
  6973 | D:8      | Reached ** piety under Dithmenos
  7136 | D:9      | Noticed Psyche
  7300 | D:9      | Found a staircase to the Lair.
  7330 | D:9      | Noticed a green ugly thing
  7341 | D:9      | Killed a green ugly thing
  7342 | D:9      | Reached XP level 10. HP: 100/102 MP: 9/9
  7446 | D:9      | Found a shimmering altar of Xom.
  7477 | D:9      | Found Cuoxeq's Magic Scroll Emporium.
  7485 | D:9      | Bought a scroll of identify for 22 gold pieces
  7485 | D:9      | Bought a scroll of identify for 22 gold pieces
  7485 | D:9      | Bought a scroll of identify for 22 gold pieces
  7485 | D:9      | Bought a scroll of teleportation for 33 gold pieces
  7485 | D:9      | Bought a scroll of magic mapping for 82 gold pieces
  7485 | D:9      | Bought a scroll of enchant armour for 82 gold pieces
  7485 | D:9      | Bought a scroll of magic mapping for 82 gold pieces
  7639 | D:9      | Reached *** piety under Dithmenos
  7663 | Abyss:2  | Cast into level 2 of the Abyss (Psyche)
  7715 | Abyss:2  | Noticed a thrashing horror
  7734 | Abyss:2  | Killed a thrashing horror
  7735 | Abyss:2  | Reached skill level 10 in Fighting
  7738 | Abyss:2  | Noticed a tentacled starspawn
  7756 | Abyss:2  | Mangled by a tentacled starspawn

Illustrated notes

Levels and vault maps discovered:
D:1:      amcnicky_arrival_single_pillar, layout_loops_ring
D:2:      cheibrodos_fertilizer, layout_basic, basic_altar, serial_glass,
          glass_columns_c, glass_columns_b, glass_columns_c, glass_columns_a,
          glass_columns_b, st_stairs_7, uniq_sigmund
D:3:      layout_loops_ring, shapermc_ecumenical_altar_gd
D:4:      layout_basic, minitemple, gammafunk_ghost_grave
D:5:      layout_rooms, ebering_ghost_rock_garden, cheibrodos_gnoll_hut
D:6:      layout_loops_ring, minmay_temple_entry_sparse_star,
          grunt_decor_mini_mirrors
D:7:      layout_loops_corners, nicolae_ossuary_entry_monument
D:8:      layout_basic, gammafunk_ghost_smash
D:9:      layout_cross, tgw_xom, due_lair_maze_entry_diamond, serial_shops,
          shop, nzn_random_ring, uniq_psyche
Temple:   bh_familiar_temple
Abyss:2:  base: D:8, hangedman_stitches_earthworm

Skill      XL: |  1  2  3  4  5  6  7  8  9 10 |
---------------+-------------------------------+-----
Unarmed Combat | 3 4 6 7 9 10 | 10.0
Shields        | 6 7 |  7.0
Fighting       | 7 10 | 10.0
Dodging        | 3 |  3.0

Action                     |  1- 3 |  4- 6 |  7- 9 | 10-12 || total
---------------------------+-------+-------+-------+-------++-------
  Melee: Unarmed           |    72 |   151 |   198 |   111 ||   532
  Throw: Dart              |       |       |     1 |     4 ||     5
   Stab: Sleeping          |     1 |     1 |     2 |       ||     4
 Armour: Robe              |    11 |    22 |    51 |    45 ||   129
  Dodge: Dodged            |    28 |    36 |    57 |    43 ||   164
  Block: Kite shield       |    23 |    42 |    61 |    56 ||   182
